 Dungeon Sprint DCSS version 0.22-a0-362-g535178c (webtiles) character file.

26130 Kidiri the Imperceptible (level 12, -1/66 HPs)
             Began as a Spriggan Enchanter on Apr 21, 2018.
             Was the Champion of Dithmenos.
             Killed from afar by Lom Lobon (50 damage)
             ... with a great icy blast
             ... in the Dungeon (Sprint I: "Red Sonja").
             The game lasted 00:20:00 (3937 turns).

Kidiri the Imperceptible (Spriggan Enchanter)       Turns: 3937, Time: 00:20:01

Health: -1/66      AC: 11    Str:  4    XL:     12   Next: 95%
Magic:  33/42      EV: 35    Int: 19    God:    Dithmenos [******]
Gold:   1646       SH:  5    Dex: 19    Spells: 23/44 levels left

rFire    . . .     SeeInvis +   b - +5 dagger (venom)
rCold    . . .     Gourm    .   (shield restricted)
rNeg     . . .     Faith    .   i - +4 troll leather armour
rPois    .         Spirit   .   w - +2 hat {MR+}
rElec    .         Reflect  +   l - scarf {cloud immunity}
rCorr    .         Harm     .   (gloves unavailable)
MR       +++..     NoTele   +   (boots unavailable)
Stlth    ++++++++++             q - +5 amulet of reflection
HPRegen  0.61/turn              p - +2 ring of evasion
MPRegen  0.28/turn              v - ring of magical power

@: very slightly contaminated, wreathed by umbra, very quick
A: very small, unfitting armour, see invisible, herbivore, speed 3, slow
metabolism 2
a: Shadow Step, Shadow Form, Renounce Religion


You were in the Dungeon.
You worshipped Dithmenos.
Dithmenos was exalted by your worship.
You were not hungry.

You visited 1 branch You collected 5006 gold pieces.
You spent 3360 gold pieces at shops.

Inventory:

Hand Weapons
 a - a +1 dagger
 b - a +5 dagger of venom (weapon)
Armour
 i - a +4 troll leather armour (worn)
 k - a +0 cloak
 l - a scarf of cloud immunity (worn)
 w - a +2 hat of magic resistance (worn)
Jewellery
 p - a +2 ring of evasion (left hand)
 q - a +5 amulet of reflection (around neck)
 v - a ring of magical power (right hand)
Scrolls
 c - 8 scrolls of identify
 j - 2 scrolls of blinking
 n - a scroll of summoning
 o - 2 scrolls of enchant weapon
 u - 2 scrolls of remove curse
Potions
 e - 15 potions of curing
 f - a potion of lignification
 g - a potion of haste
 h - 2 potions of magic
 m - a potion of agility
 r - a potion of ambrosia
 s - 3 potions of heal wounds
 t - a potion of flight
Comestibles
 d - 3 rations


   Skills:
 + Level 9.0 Fighting
 * Level 15.6 Short Blades
 + Level 8.2 Armour
 * Level 19.5 Dodging
 * Level 21.0 Stealth
 * Level 16.8 Spellcasting
 + Level 1.1 Conjurations
 + Level 12.9 Hexes
 + Level 1.2 Ice Magic
 + Level 1.6 Air Magic
 + Level 1.7 Poison Magic


You had 23 spell levels left.
You knew the following spells:

 Your Spells              Type           Power        Failure   Level  Hunger
a - Corona                Hex            ######.      1%          1    None
b - Ensorcelled Hibernat  Hex/Ice        #####.       1%          2    None
c - Confuse               Hex            ######..     1%          3    None
d - Tukima's Dance        Hex            ######..     1%          3    None
e - Dazzling Spray        Conj/Hex       #####.       1%          3    None
f - Mephitic Cloud        Conj/Pois/Air  ###.....     10%         3    None
g - Freezing Cloud        Conj/Ice/Air   ###.......   99%         6    #####..


Dungeon Overview and Level Annotations

Branches:
Dungeon (1/1)

Altars:
Cheibriados
Dithmenos
Elyvilon
Fedhas
Gozag
Hepliaklqana
Kikubaaqudgha
Makhleb
Nemelex Xobeh
Okawaru
Qazlal
Ru
Sif Muna
Trog
Uskayaw
Vehumet
Wu Jian
Xom
Yredelemnul
Zin
The Shining One
Jiyva
Lugonu

Shops:
D :%=?(=(?[*?[!?:[![

Annotations:
D exclusion: 4 doors, Lernaean hydra, Lom Lobon, Tiamat


Innate Abilities, Weirdness & Mutations

You are very small and have problems with some larger weapons.
You are too small for most types of armour.
You have supernaturally acute eyesight. (SInv)
You are a herbivore.
You cover ground extremely quickly.
You need to consume almost no food.


Message History

The ball lightning explodes!
The blast of lightning engulfs the ball lightning.
The ball lightning completely resists.
The blast of lightning engulfs the ball lightning.
The ball lightning completely resists.
The blast of lightning engulfs Lom Lobon.
Lom Lobon completely resists.
The great icy blast engulfs the ball lightning.
The ball lightning partially resists.
The ball lightning explodes!
The blast of lightning engulfs the ball lightning.
The ball lightning completely resists.
The blast of lightning engulfs Lom Lobon.
Lom Lobon completely resists.
The great icy blast engulfs the ball lightning.
The ball lightning partially resists.
The ball lightning explodes!
The blast of lightning engulfs you! The great icy blast engulfs you!
Ouch! That really hurt!
You die...

#§#.§###..###..#+###..≈#.§.§§.§§§
#§#§§####..###...#.≈..##§§^§.^§.§
#.##+#..#..#.###.#.≈).#...§..§...
#.##.#....§....#.###..#....§)§...
+.####...§.§...#.#.'..##...§.^..^
#§#[.+......####'#.##+##.§.......
#§#####...###....#.#≈≈≈##.§§.....
+§#.[.#####...####.#≈≈≈≈##(....(#
###.)...)...###§@..#≈≈≈≈≈########
#.......#####§§§§####≈≈≈≈#≈≈≈≈≈*,
#....).##§§§§§§§§#..#+≈≈≈+≈≈D≈≈',
#(.)..##.§§§§§§§§#...##≈≈#≈≈≈≈≈#≈
#.....#..§§§§§§§§#....######'###*
#######**##§§&§..#....#≈≈≈≈≈≈≈≈≈≈
#≈≈≈≈≈≈≈≈d#§§§§..######*≈≈≈≈≈≈≈≈≈
###########§§§§..'}"#,,',,,≈≈≈≈≈≈
#..0..+....§§..§.#)|'[,*,,,,,,,,≈


You could see Lom Lobon.

Vanquished Creatures
  A golden dragon (D)
  A shadow dragon (D)
  4 fire giants (D)
  A deep elf annihilator (D)
  A lorocyproca (D)
  A mummy priest (D)
  A hydra (D)
  2 centaur warriors (D)
  Sonja (D)
  7 unseen horrors (D)
  A deep troll (D)
  A lindwurm (D)
  2 oklob plants (D)
  2 merfolk sirens (D)
  2 gargoyles (D)
  2 kobold demonologists (D)
  4 demonic crawlers (D)
  A hellwing (D)
  2 hornets (D)
  A slime creature (D)
  A yak (D)
  Sigmund (D)
  2 redbacks (D)
  13 hogs (D)
  3 floating eyes (D)
  7 necrophages (D)
  An ogre (D)
  8 jellies (D)
  Ijyb (D)
  2 ball lightnings (D)
  3 ballistomycetes (D)
80 creatures vanquished.

Vanquished Creatures (others)
  3 hornets (D)
  3 ball lightnings (D)
  2 ballistomycete spores (D)
8 creatures vanquished.

Grand Total: 88 creatures vanquished

Notes
Turn   | Place    | Note
-------+----------+-------------------------------------------
     0 | D        | Kidiri the Spriggan Enchanter began the quest for the Orb.
     0 | D        | Reached XP level 1. HP: 9/9 MP: 5/5
     2 | D        | Noticed Ijyb
    22 | D        | Killed Ijyb
    22 | D        | Reached skill level 1 in Fighting
    22 | D        | Reached skill level 1 in Armour
    22 | D        | Reached skill level 5 in Stealth
    22 | D        | Reached XP level 2. HP: 7/14 MP: 5/8
   231 | D        | Learned a level 2 spell: Ensorcelled Hibernation
   236 | D        | Noticed an ogre
   245 | D        | Killed an ogre
   245 | D        | Reached skill level 7 in Stealth
   245 | D        | Reached skill level 5 in Spellcasting
   245 | D        | Reached skill level 5 in Hexes
   245 | D        | Reached XP level 3. HP: 4/18 MP: 2/10
   245 | D        | Reached XP level 4. HP: 5/23 MP: 2/12
   250 | D        | Learned a level 3 spell: Confuse
   254 | D        | Learned a level 3 spell: Tukima's Dance
   258 | D        | Learned a level 3 spell: Dazzling Spray
   499 | D        | Noticed Sigmund
   508 | D        | Killed Sigmund
   508 | D        | Reached skill level 5 in Short Blades
   508 | D        | Reached skill level 9 in Stealth
   508 | D        | Reached XP level 5. HP: 15/28 MP: 4/15
   652 | D        | Found an ornate altar of the Wu Jian Council.
   652 | D        | Found a deep blue altar of Sif Muna.
   654 | D        | Found a radiant altar of Vehumet.
   663 | D        | Reached XP level 6. HP: 30/32 MP: 5/16
   743 | D        | Found Ythastris's Food Emporium.
   743 | D        | Found an ancient bone altar of Kikubaaqudgha.
   743 | D        | Found a hazy altar of Hepliaklqana.
   743 | D        | Found a stormy altar of Qazlal.
   743 | D        | Found a hide-covered altar of Uskayaw.
   743 | D        | Found a blossoming altar of Fedhas.
   743 | D        | Found a bloodstained altar of Trog.
   743 | D        | Found an iron altar of Okawaru.
   743 | D        | Found a basalt altar of Yredelemnul.
   743 | D        | Found a glowing golden altar of the Shining One.
   743 | D        | Found a snail-covered altar of Cheibriados.
   743 | D        | Found a sacrificial altar of Ru.
   743 | D        | Found a glowing silver altar of Zin.
   743 | D        | Found a shadowy altar of Dithmenos.
   743 | D        | Found a white marble altar of Elyvilon.
   743 | D        | Noticed a yak
   745 | D        | Killed a yak
   745 | D        | Reached skill level 10 in Stealth
   746 | D        | Found an opulent altar of Gozag.
   747 | D        | Found a sparkling altar of Nemelex Xobeh.
   753 | D        | Became a worshipper of Dithmenos the Shadowed
   768 | D        | Noticed Sonja
   772 | D        | Killed Sonja
   772 | D        | Reached skill level 10 in Dodging
   772 | D        | Reached skill level 12 in Stealth
   772 | D        | Reached XP level 7. HP: 37/37 MP: 16/20
   787 | D        | Found Luiklenk's Book Boutique.
   828 | D        | Noticed a deep troll
   832 | D        | Killed a deep troll
   832 | D        | Reached skill level 10 in Spellcasting
   832 | D        | Reached XP level 8. HP: 42/42 MP: 21/23
   853 | D        | Found Zoaxt's Armour Emporium.
   862 | D        | Bought a +0 cloak for 45 gold pieces
   903 | D        | Noticed a centaur warrior
   903 | D        | Noticed a centaur warrior
   905 | D        | Killed a centaur warrior
   905 | D        | Reached * piety under Dithmenos
   905 | D        | Reached skill level 5 in Fighting
   905 | D        | Reached skill level 13 in Stealth
   905 | D        | Reached XP level 9. HP: 47/47 MP: 24/24
   906 | D        | Killed a centaur warrior
   906 | D        | Reached skill level 10 in Short Blades
   906 | D        | Reached skill level 5 in Armour
   906 | D        | Reached skill level 14 in Stealth
   989 | D        | Paralysed by a hornet for 2 turns
  1027 | D        | Noticed an oklob plant
  1029 | D        | Killed an oklob plant
  1029 | D        | Reached ** piety under Dithmenos
  1049 | D        | Reached skill level 15 in Stealth
  1068 | D        | Noticed an unseen horror
  1069 | D        | Noticed an unseen horror
  1075 | D        | Killed an unseen horror
  1075 | D        | Reached XP level 10. HP: 53/53 MP: 23/27
  1081 | D        | Killed an unseen horror
  1081 | D        | Reached *** piety under Dithmenos
  1115 | D        | Reached **** piety under Dithmenos
  1148 | D        | Reached ***** piety under Dithmenos
  1162 | D        | Reached skill level 16 in Stealth
  1320 | D        | Found Qopunarr's Magic Scroll Shoppe.
  1320 | D        | Found Erisaat's Jewellery Shop.
  1320 | D        | Found Ceneix's Antique Weapon Boutique.
  1322 | D        | Found Rofogodd's Jewellery Emporium.
  1322 | D        | Found Bocvupn's Antique Weapon Shop.
  1322 | D        | Found Bedirghong's Magic Scroll Shoppe.
  1322 | D        | Found Fyowoa's Armour Boutique.
  1322 | D        | Found Sequonil's Assorted Antiques.
  1322 | D        | Found Siaff's Magic Scroll Shop.
  1322 | D        | Found Vaogut Kafu's Antique Armour Shoppe.
  1325 | D        | Bought a scroll of acquirement for 520 gold pieces
  1326 | D        | Found Ivvaff's Distillery.
  1327 | D        | Found Detapoob's Book Emporium.
  1327 | D        | Found Soumu's Magic Scroll Boutique.
  1328 | D        | Found Awets's Distillery.
  1348 | D        | Bought a +5 amulet of reflection for 494 gold pieces
  1578 | D        | Found a burning altar of Makhleb.
  1578 | D        | Found a viscous altar of Jiyva.
  1578 | D        | Found a shimmering altar of Xom.
  1578 | D        | Found a corrupted altar of Lugonu.
  1604 | D        | Reached skill level 10 in Hexes
  1610 | D        | Reached skill level 15 in Dodging
  1612 | D        | Reached ****** piety under Dithmenos
  1857 | D        | Noticed a gargoyle
  1859 | D        | Killed a gargoyle
  1859 | D        | Reached skill level 17 in Stealth
  1876 | D        | Noticed a lorocyproca
  1919 | D        | Killed a lorocyproca
  1919 | D        | Reached XP level 11. HP: 19/58 MP: 1/29
  2342 | D        | Noticed a lindwurm
  2344 | D        | Killed a lindwurm
  2533 | D        | Noticed a 12-headed hydra
  2535 | D        | Reached skill level 18 in Stealth
  2536 | D        | Killed a 12-headed hydra
  2603 | D        | Noticed a shadow dragon
  2603 | D        | Noticed a golden dragon
  2604 | D        | Killed a shadow dragon
  2606 | D        | Killed a golden dragon
  2606 | D        | Reached skill level 19 in Stealth
  2606 | D        | Reached skill level 15 in Spellcasting
  2606 | D        | Reached XP level 12. HP: 64/64 MP: 26/32
  2704 | D        | Noticed a daeva
  2721 | D        | Noticed a fire giant
  2722 | D        | Noticed a fire giant
  2722 | D        | Noticed a fire giant
  2722 | D        | Noticed a fire giant
  2723 | D        | Killed a fire giant
  2723 | D        | Reached skill level 20 in Stealth
  2725 | D        | Killed a fire giant
  2725 | D        | Reached skill level 15 in Short Blades
  2727 | D        | Killed a fire giant
  2730 | D        | Killed a fire giant
  2756 | D        | Noticed Tiamat
  3023 | D        | Bought a scroll of blinking for 82 gold pieces
  3023 | D        | Bought a scroll of magic mapping for 38 gold pieces
  3024 | D        | Bought a scroll of identify for 22 gold pieces
  3029 | D        | Bought a scroll of blinking for 105 gold pieces
  3029 | D        | Bought a scroll of identify for 28 gold pieces
  3029 | D        | Bought a scroll of enchant weapon for 105 gold pieces
  3029 | D        | Bought a scroll of identify for 28 gold pieces
  3029 | D        | Bought 3 scrolls of enchant armour for 315 gold pieces
  3029 | D        | Bought a scroll of identify for 28 gold pieces
  3045 | D        | Bought a scroll of enchant weapon for 75 gold pieces
  3045 | D        | Bought a scroll of enchant weapon for 75 gold pieces
  3064 | D        | Bought a book of Clouds for 630 gold pieces
  3068 | D        | Learned a level 3 spell: Mephitic Cloud
  3075 | D        | Learned a level 6 spell: Freezing Cloud
  3190 | D        | Bought 2 potions of curing for 60 gold pieces
  3190 | D        | Bought a potion of heal wounds for 50 gold pieces
  3190 | D        | Bought 2 potions of flight for 60 gold pieces
  3190 | D        | Bought 2 potions of curing for 60 gold pieces
  3190 | D        | Bought a potion of curing for 30 gold pieces
  3192 | D        | Bought a potion of curing for 36 gold pieces
  3192 | D        | Bought a potion of curing for 36 gold pieces
  3192 | D        | Bought 2 potions of curing for 72 gold pieces
  3192 | D        | Bought a potion of heal wounds for 60 gold pieces
  3192 | D        | Bought a potion of curing for 36 gold pieces
  3192 | D        | Bought a potion of heal wounds for 60 gold pieces
  3297 | D        | Found Rioqyran's Armour Shoppe.
  3315 | D        | Bought a +2 hat of magic resistance for 210 gold pieces
  3375 | D        | Noticed a deep elf annihilator
  3375 | D        | Noticed a mummy priest
  3378 | D        | Killed a deep elf annihilator
  3378 | D        | Reached skill level 1 in Air Magic
  3378 | D        | Reached skill level 1 in Poison Magic
  3381 | D        | Reached skill level 1 in Ice Magic
  3411 | D        | HP: 2/66 [phantasmal warrior[a mummy priest] (24)]
  3799 | D        | Killed a mummy priest
  3799 | D        | Reached skill level 21 in Stealth
  3799 | D        | Reached skill level 1 in Conjurations
  3858 | D        | Noticed the 27-headed Lernaean hydra
  3932 | D        | Noticed Lom Lobon
  3937 | D        | Killed from afar by Lom Lobon

Vault maps used:
D:        dungeon_sprint_1

Skill      XL: |  1  2  3  4  5  6  7  8  9 10 11 12 |
---------------+-------------------------------------+-----
Fighting       | 1 2 4 5 7 8 9 |  9.0
Short Blades   | 2 4 5 8 9 11 12 14 15 | 15.6
Armour         | 1 2 3 4 5 6 7 8 |  8.2
Dodging        | 4 6 7 8 10 11 12 14 15 17 19 | 19.5
Stealth        | 5 7 9 12 13 15 17 19 21 | 21.0
Spellcasting   | 4 5 6 9 10 12 13 15 16 | 16.8
Hexes          | 4 5 7 8 9 10 11 12 | 12.9
Air Magic      | 1 |  1.6
Poison Magic   | 1 |  1.7
Ice Magic      | 1 |  1.2
Conjurations   | 1 |  1.1

Action                   |  1- 3 |  4- 6 |  7- 9 | 10-12 || total
-------------------------+-------+-------+-------+-------++-------
Melee: Dagger            |    13 |     9 |    14 |   187 ||   223
 Fire: Blowgun           |       |       |       |     1 ||     1
 Cast: Corona            |     2 |       |       |     1 ||     3
       Ensorcelled Hiber |     3 |     4 |     3 |     6 ||    16
       Confuse           |       |     3 |     1 |    12 ||    16
       Tukima's Dance    |       |     1 |       |       ||     1
       Dazzling Spray    |       |       |       |    58 ||    58
Invok: Shadow Step       |       |       |       |    11 ||    11
  Use: Potion            |     1 |       |       |     3 ||     4
       Scroll            |       |       |       |    17 ||    17
 Stab: Sleeping          |     2 |     3 |     7 |    35 ||    47
       Confused          |       |     1 |     1 |     2 ||     4
       Invisible         |       |       |       |    12 ||    12
  Eat: Ration            |       |       |       |     1 ||     1
Armor: Robe              |     2 |     2 |       |       ||     4
       Troll leather arm |       |       |       |     6 ||     6
Dodge: Dodged            |     7 |     5 |     5 |   210 ||   227
Block: Other             |       |       |       |    39 ||    39

Table legend:
 A = Spawn XP
 B = Non-spawn XP
 C = Spawn XP percentage of total XP
 D = Spawn monster count
 E = Non-spawn monster count
 F = Spawn count percentage of total count
 G = Total turns spent on level
                    A         B        C        D         E        F      G
               +---------+---------+-------+---------+---------+-------+---------
         Total |       0 |   37329 |   0.0 |       0 |      77 |   0.0 |  3937
               +---------+---------+-------+---------+---------+-------+---------
             D |       0 |   37329 |   0.0 |       0 |      77 |   0.0 |  3937
               +---------+---------+-------+---------+---------+-------+---------
